 Dungeon Crawl Stone Soup version 0.29.1-15-g9cfb28693d (webtiles) character file.

Game seed: 884893019299390859

109 javelincjr the Magician (level 4, -5/26 HPs)
             Began as a Tengu Hedge Wizard on Apr 25, 2023.
             Constricted to death by Natasha (6 damage)
             ... on level 2 of the Dungeon.
             The game lasted 00:10:17 (2894 turns).

javelincjr the Magician (Tengu Hedge Wizard)        Turns: 2894, Time: 00:10:17

Health: -5/26      AC:  2    Str: 13    XL:     4   Next: 90%
Magic:  3/10       EV:  9    Int: 14    God:
Gold:   123        SH:  0    Dex: 13    Spells: 5/10 levels left

rFire   . . .      SeeInvis .   p - +2 short sword (venom)
rCold   . . .      Faith    .   (no shield)
rNeg    . . .      Spirit   .   b - +0 robe
rPois   .          Reflect  .   c - +0 hat
rElec   .          Harm     .   (no cloak)
rCorr   .          Rampage  .   (no gloves)
Will    .....                   (boots unavailable)
Stlth   ++........              (no amulet)
HPRegen 0.08/turn               (no ring)
MPRegen 0.12/turn               (no ring)

@: grasped by roots, slowed, constricted, very slow
A: beak, talons 3
a: no special abilities


You were on level 2 of the Dungeon.
You visited 1 branch of the dungeon, and saw 2 of its levels.

You collected 123 gold pieces.

Inventory:

Hand Weapons
 a - a +0 dagger
 d - a +1 dagger of venom
 p - a +2 short sword of venom (weapon)
Armour
 b - a +0 robe (worn)
 c - a +0 hat (worn)
 e - a +1 ring mail of cold resistance
Jewellery
 f - an amulet of guardian spirit
Scrolls
 h - a scroll of summoning {unknown}
 i - a scroll of noise {unknown}
 j - 2 scrolls of identify {unknown}
 o - a scroll of teleportation {unknown}
 q - a scroll of magic mapping {unknown}
Potions
 g - 3 potions of curing {unknown}
 k - a potion of heal wounds
 l - a potion of berserk rage {unknown}
 m - a potion of mutation {unknown}
 n - a potion of haste {unknown}
 r - a potion of might {unknown}


   Skills:
 * Level 1.8 Fighting
 + Level 1.0 Armour
 + Level 2.6 Dodging
 - Level 2.0 Stealth
 * Level 3.5 Spellcasting
 + Level 2.4 Conjurations
 + Level 1.9 Summonings
 + Level 1.4 Translocations


You had 5 spell levels left.
You knew the following spells:

 Your Spells              Type           Power      Damage    Failure   Level
a - Magic Dart            Conj           36%        1d4       8%          1
b - Blink                 Tloc           12%        N/A       17%         2
c - Call Imp              Summ           7%         N/A       14%         2

Your spell library contained the following spells:

 Spells                   Type           Power      Damage    Failure   Level
 Summon Small Mammal      Summ           28%        N/A       9%          1
 Slow                     Hex            8%         N/A       21%         1
 Call Canine Familiar     Summ           7%         N/A       26%         3
 Conjure Flame            Conj/Fire      5%         6-21      36%         3
 Summon Guardian Golem    Hex/Summ       5%         N/A       38%         3
 Mephitic Cloud           Conj/Pois/Air  4%         N/A       41%         3


Dungeon Overview and Level Annotations

Branches:
Dungeon (2/15)

Altars:

Annotations:
D:2 Natasha


Innate Abilities, Weirdness & Mutations

You have a beak for a mouth.
You have claws for feet.


Message History

Natasha is moderately wounded.
Natasha zaps a wand.
The roots erupt in riotous growth!
The grasping roots grab you!
The bush is unaffected.
The grasping roots constrict you.
The crimson imp blinks!
You are too injured to fight recklessly!
You are too injured to fight recklessly!
Casting: Magic Dart (safe; 8% risk of failure)
Confirm with . or Enter, or press ? or * to list all spells.
Aiming: Magic Dart (safe; 8% risk of failure)
Press: ? - help, Shift-Dir - straight line, f/p - Natasha
Aim: Natasha, carrying a wand of roots (10) (moderately wounded, 100% to hit)
The magic dart hits Natasha but does no damage.
Natasha is moderately wounded.
Natasha stares at you and mumbles some strange words.
You feel yourself slow down. The grasping roots constrict you.
* * * LOW HITPOINT WARNING * * *
The crimson imp blinks!
Casting: Magic Dart (safe; 8% risk of failure)
Confirm with . or Enter, or press ? or * to list all spells.
Aiming: Magic Dart (safe; 8% risk of failure)
Press: ? - help, Shift-Dir - straight line, f/p - Natasha
Aim: Natasha, carrying a wand of roots (10) (moderately wounded, 100% to hit)
The magic dart hits Natasha.
Natasha is heavily wounded.
The grasping roots constrict you.
* * * LOW HITPOINT WARNING * * *
The grasping roots constrict you.
* * * LOW HITPOINT WARNING * * *
The grasping roots release their grip on you.
You barely miss Natasha.
Natasha is heavily wounded.
Natasha barely misses you. Natasha closely misses you.
You hit Natasha.
Natasha is poisoned.
Natasha is severely wounded.
Natasha zaps a wand.
The roots erupt in riotous growth!
The grasping roots grab you!
The bush is unaffected.
Natasha is unaffected.
The grasping roots constrict you.
You die...

#...........>......... ......
#.#...............# .......
#...............# ........
..........###...#### ........
.......######5..# ........
............#...# ...#.##.
............#...###.# #....
♣...........#.......#...###.#
...........h@....##.........#
...#.....PP.................
...♣♣♣♣................. .
P♣.)................
..5............(....
......#..............
.P♣...................
♣♣.P.................. P...
#...........##..


You could see Natasha (very poisoned, ally target), a crimson imp (summoned) and
a friendly crimson imp (summoned).

Vanquished Creatures
  Terence (D:2)
  An adder (D:2)
  An adder zombie (D:2)
  An adder skeleton (D:2)
  5 bats
  2 bat skeletons (D:2)
  6 endoplasms (D:1)
  5 giant cockroaches
  3 goblins
  2 hobgoblins (D:2)
  5 jackals (D:1)
  6 quokkas
  3 ball pythons
  A ball python simulacrum (D:2)
  A ball python zombie (D:2)
  2 frilled lizards (D:1)
  2 kobolds (D:1)
  3 rats
50 creatures vanquished.

Vanquished Creatures (collateral kills)
  An adder (D:2)
  A ball python (D:1)
  A hobgoblin (D:2)
  A jackal (D:1)
  A quokka (D:2)
5 creatures vanquished.

Vanquished Creatures (others)
  3 plants (D:2)
  22 withered plants (D:2)
25 creatures vanquished.

Grand Total: 80 creatures vanquished

Notes
Turn   | Place    | Note
-------+----------+-------------------------------------------
     0 | D:1      | javelincjr the Tengu Hedge Wizard began the quest for the
                  | Orb.
     0 | D:1      | Reached XP level 1. HP: 10/10 MP: 5/5
   315 | D:1      | Reached XP level 2. HP: 10/16 MP: 0/7
   320 | D:1      | Reached skill level 1 in Translocations
   680 | D:1      | Learned a level 2 spell: Blink
   910 | D:1      | Learned a level 2 spell: Call Imp
   920 | D:1      | Reached XP level 3. HP: 4/20 MP: 2/8
   921 | D:1      | HP: 1/20 [constriction (1)]
   944 | D:1      | HP: 1/20 [jackal (1)]
   947 | D:1      | Reached skill level 1 in Fighting
  1549 | D:2      | HP: 1/20 [poisoned by an adder]
  2155 | D:2      | Reached XP level 4. HP: 24/25 MP: 3/10
  2570 | D:2      | Noticed Terence
  2579 | D:2      | Killed Terence
  2580 | D:2      | Reached skill level 1 in Armour
  2885 | D:2      | Noticed Natasha
  2892 | D:2      | HP: 1/26 [constriction (3)]
  2894 | D:2      | Constricted to death by Natasha

Illustrated notes

Levels and vault maps discovered:
D:1:      spicycebolla_arrival_ecumenical, layout_basic
D:2:      layout_basic, serial_forest, infiniplex_forest_clump_small,
          infiniplex_forest_lined_ring, infiniplex_forest_fountain,
          infiniplex_forest_clump_cross, infiniplex_forest_lined_3,
          infiniplex_forest_clump_double, dilly_guarded_unrand_morg,
          uniq_terence

Skill      XL: |  1  2  3  4 |
---------------+-------------+-----
Translocations | 1 |  1.4
Fighting       | 1 |  1.8
Conjurations   | 2 |  2.4
Armour         | 1 |  1.0
Dodging        | |  2.6
Stealth        | |  2.0
Spellcasting   | |  3.5
Summonings     | |  1.9

Action                   |  1- 3 |  4- 6 || total
-------------------------+-------+-------++-------
Melee: Dagger            |    44 |     9 ||    53
       Kick              |    10 |     6 ||    16
       Peck              |     6 |     5 ||    11
       Short sword       |       |     4 ||     4
 Cast: Magic Dart        |    73 |    24 ||    97
       Call Imp          |     4 |     4 ||     8
       Blink             |     2 |       ||     2
  Use: Potion            |     2 |       ||     2
 Stab: Sleeping          |     1 |       ||     1
Armor: Robe              |     9 |     3 ||    12
Dodge: Dodged            |    56 |    12 ||    68
